 Dungeon Crawl Stone Soup version 0.30-a0-4-ga7cffc901d (webtiles) character file.

Game seed: 15425437201848850960

15791 slphil the Prestidigitator (level 12, -2/91 HPs)
             Began as a Gnoll Wanderer on Aug 22, 2022.
             Was an Elder of Kikubaaqudgha.
             Engulfed by an ice statue's freezing vapour (4 damage)
             ... in an ice cave.
             The game lasted 00:45:08 (16719 turns).

slphil the Prestidigitator (Gnoll Wanderer)        Turns: 16719, Time: 00:45:09

Health: -2/91      AC: 16    Str: 17    XL:     12   Next: 30%
Magic:  24/24      EV: 18    Int: 16    God:    Kikubaaqudgha [****..]
Gold:   377        SH:  0    Dex: 16    Spells: 7/27 levels left

rFire   . . .      SeeInvis +    y - +12 spear "Hitsicwu" {holy, rPois rC+ Str+2 Dex+2}
rCold   + . .      Faith    .    B - orb {*channel}
rNeg    . . .      Spirit   .    x - +1 ring mail "Weesos" {Will+ SInv}
rPois   +          Reflect  .    l - +1 helmet of Wasted Space {Dex+2}
rElec   .          Harm     .    o - +0 cloak
rCorr   .          Rampage  .    m - +0 pair of gloves
Will    +....                    d - +2 pair of boots "Zuitwarr" {Regen+ Dex+3 Slay-3}
Stlth   +++.......               (no amulet)
HPRegen 1.05/turn                w - +4 ring of evasion
MPRegen 0.19/turn                (no ring)

@: studying Throwing
A: fangs 1, strong nose, distributed training
a: Renounce Religion, Unearth Wretches


You were in an ice cave.
You worshipped Kikubaaqudgha.
Kikubaaqudgha was greatly pleased with you.
You visited 2 branches of the dungeon, and saw 12 of its levels.
You also visited: Ice Cave.

You collected 600 gold pieces.
You spent 223 gold pieces at shops.

Inventory:

Hand Weapons
 a - a +1 vampiric long sword
 b - a +2 sling of freezing
 f - a +2 scimitar of flaming
 y - the +12 spear "Hitsicwu" (weapon) {holy, rPois rC+ Str+2 Dex+2}
   (You found it on level 7 of the Dungeon)

   It has been blessed by the Shining One to cause great damage to the undead
   and demons.
   Str:       It affects your strength (+2).
   Dex:       It affects your dexterity (+2).
   rC:        It protects you from cold.
   rPois:     It protects you from poison.
 E - a +0 morningstar
Missiles
 C - 4 throwing nets
Armour
 d - the +2 pair of boots "Zuitwarr" (worn) {Regen+ Dex+3 Slay-3}
   (You found it on level 6 of the Dungeon)

   Dex:       It affects your dexterity (+3).
   Slay:      It affects your accuracy & damage with ranged weapons and melee
   (-3).
   Regen:     It increases your rate of health regeneration.
 l - the +1 helmet of Wasted Space (worn) {Dex+2}
   (You bought it in a shop on level 7 of the Dungeon)

   Dex:       It affects your dexterity (+2).
 m - a +0 pair of gloves (worn)
 o - a +0 cloak (worn)
 x - the +1 ring mail "Weesos" (worn) {Will+ SInv}
   (You found it on level 7 of the Dungeon)

   SInv:      It lets you see invisible.
   Will:      It increases your willpower.
 z - a +2 ring mail of willpower
 B - an orb of energy (worn)
 D - +0 steam dragon scales
Jewellery
 w - a +4 ring of evasion (left hand)
Wands
 r - a wand of paralysis (5)
 H - a wand of iceblast (6)
 M - a wand of flame (9)
Scrolls
 h - 2 scrolls of amnesia
 q - a scroll of enchant weapon
 u - a scroll of silence
 F - a scroll of summoning
 I - a scroll of teleportation
 J - 2 scrolls of fear
 K - a scroll of vulnerability
 N - a scroll of butterflies
 O - a scroll of identify
Potions
 c - 3 potions of attraction
 g - 3 potions of curing
 i - a potion of haste
 j - 8 potions of mutation
 k - 2 potions of lignification
 n - a potion of resistance
 p - a potion of might
 s - a potion of berserk rage
 t - 3 potions of brilliance
 v - 2 potions of flight
 A - a potion of magic
 G - 4 potions of cancellation
 P - a potion of ambrosia
Miscellaneous
 e - a tin of tremorstones (inert)


   Skills:
 + Level 7.4 Fighting
 + Level 7.4 Short Blades
 + Level 7.4 Long Blades
 + Level 7.4 Axes
 + Level 7.4 Maces & Flails
 + Level 7.4 Polearms
 + Level 7.4 Staves
 + Level 7.4 Ranged Weapons
 + Level 10.2 Throwing
 + Level 7.4 Armour
 + Level 7.9 Dodging
 + Level 7.4 Stealth
 + Level 7.4 Shields
 + Level 7.4 Unarmed Combat
 + Level 8.0 Spellcasting
 + Level 6.1 Conjurations
 + Level 6.1 Hexes
 + Level 6.1 Summonings
 + Level 8.3 Necromancy
 + Level 6.1 Translocations
 + Level 6.1 Transmutations
 + Level 6.1 Fire Magic
 + Level 6.1 Ice Magic
 + Level 6.1 Air Magic
 + Level 6.1 Earth Magic
 + Level 6.1 Poison Magic
 + Level 8.1 Invocations
 + Level 12.7 Evocations


You had 7 spell levels left.
You knew the following spells:

 Your Spells              Type           Power      Damage    Failure   Level
a - Necrotise             Necr           100%       1d9       1%          1
b - Vampiric Draining     Necr           33%        2d8       1%          3
c - Frozen Ramparts       Ice            52%        1d8       4%          3
d - Sublimation of Blood  Necr           33%        N/A       1%          2
e - Tukima's Dance        Hex            26%        N/A       4%          3
f - Dispel Undead         Necr           33%        3d14      6%          4
g - Corpse Rot            Necr/Pois/Air  28%        N/A       11%         4

Your spell library contained the following spells:

 Spells                   Type           Power      Damage    Failure   Level
 Apportation              Tloc           52%        N/A       1%          1
 Freeze                   Ice            100%       1d11      1%          1
 Shock                    Conj/Air       100%       1d9       1%          1
 Summon Small Mammal      Summ           100%       N/A       1%          1
 Swiftness                Air            26%        N/A       4%          3
 Anguish                  Hex/Necr       14%        N/A       10%         4
 Airstrike                Air            13%        2d(2-18)  14%         4
 Hailstorm                Conj/Ice       26%        3d7       14%         4
 Passage of Golubria      Tloc           26%        N/A       14%         4
 Agony                    Necr           33%        N/A       17%         5
 Yara's Violent Unravell  Hex/Tmut       13%        3d7       38%         5
 Death Channel            Necr           16%        N/A       67%         6
 Simulacrum               Ice/Necr       14%        N/A       82%         6


Dungeon Overview and Level Annotations

Branches:
Dungeon (11/15)            Temple (1/1) D:5            Lair (0/5) D:10
    Orc (0/2) D:9           IceCv (1/1)

Altars:
Ashenzari
Cheibriados
Dithmenos
Elyvilon
Fedhas
Gozag
Hepliaklqana
Kikubaaqudgha
Makhleb
Nemelex Xobeh
Okawaru
Qazlal
Ru
Sif Muna
Trog
Vehumet
Wu Jian
Xom
Yredelemnul
Zin
The Shining One

Shops:
D:5 [   D:7 [   D:10 ?

Portals:
Abyss: D:5

Annotations:
D:5 2 transporters, greasedhog's ghost, novice GrWn
D:8 2 transporters, SensoryNuts's ghost, novice MiFi IceCv exclusion: ice statue


Innate Abilities, Weirdness & Mutations

You have very sharp teeth.
Your uncanny sense of smell can sniff out nearby items.
Your experience applies equally to all skills.


Message History

The ice statue gestures at you. The bolt of cold hits you. You resist.
* * * LOW HITPOINT WARNING * * *
The ice beast closely misses you.
Unknown command.
You completely miss the ice statue.
The ice statue is almost destroyed.
The ice beast closely misses you.
You hit the ice statue but do no damage.
You bite the ice statue, but do no damage.
The ice statue is severely damaged.
The ice statue gestures at you. The freezing blast engulfs you. You resist.
* * * LOW HITPOINT WARNING * * *
You hit the ice statue.
The ice statue is almost destroyed.
You are engulfed in freezing vapours.
You resist.
* * * LOW HITPOINT WARNING * * *
The ice beast hits you but does no damage.
You hit the ice statue.
The ice statue is almost destroyed.
You are engulfed in freezing vapours.
You resist.
* * * LOW HITPOINT WARNING * * *
The ice statue gestures at you. The bolt of cold misses you.
The ice beast barely misses you.
You hit the ice statue but do no damage.
The ice statue is almost destroyed.
You are engulfed in freezing vapours.
You resist.
* * * LOW HITPOINT WARNING * * *
The ice beast hits you but does no damage.
You hit the ice statue but do no damage.
The ice statue is almost destroyed.
You are engulfed in freezing vapours.
You resist.
* * * LOW HITPOINT WARNING * * *
The ice statue gestures.
You hit the ice statue.
The ice statue is almost destroyed.
You are engulfed in freezing vapours.
You resist.
You die...
Kikubaaqudgha rasps: "You have failed me!
Welcome... death!"

#...#######
##..##
##.##
##..###...#
##......##
#....#..#
##.###..#
######.#
∆##.##..# ∆
#°@...##
#°°8☼Y°##
#.°#.Y####
#. #○# ##


You could see an ice statue and 2 ice beasts.

Vanquished Creatures
  Erica (D:8)
  A boulder beetle (D:7)
  2 two-headed ogres
  A deep elf pyromancer (D:7)
  A manticore (D:7)
  3 cyclopes (D:7)
  2 gargoyles (D:7)
  A kobold demonologist (D:7)
  A komodo dragon (D:10)
  2 trolls
  A meliai (D:7)
  A polar bear (IceCv)
  6 slime creatures
  15 yaks
  A wyvern (D:9)
  Menkaure (D:4)
  2 steam dragons (D:9)
  A water moccasin (D:8)
  Edmund (D:6)
  5 orc warriors
  3 sky beasts
  6 ice beasts
  An ogre (D:4)
  2 wolves (IceCv)
  3 centaurs
  A phantom (D:7)
  4 bullfrogs
  5 kobold brigands
  A gnoll sergeant (D:8)
  4 necrophages
  5 scorpions
  9 killer bees
  An electric eel (D:7)
  9 howler monkeys
  A crimson imp (D:5)
  5 hounds
  5 jellies
  4 orc priests
  Crazy Yiuf (D:2)
  4 gnoll boudas
  An iron imp (D:8)
  5 iguanas
  13 orc wizards
  Natasha (thrice) (D:2)
  5 adders
  29 gnolls
  4 white imps
  7 worms
  A dart slug (D:3)
  64 orcs
  9 endoplasms
  3 giant cockroaches
  9 goblins
  11 hobgoblins
  11 jackals (D:4)
  4 quokkas
  6 ball pythons
  7 bats
  5 frilled lizards
  18 kobolds
  7 rats
345 creatures vanquished.

Vanquished Creatures (collateral kills)
  An orc priest (D:3)
  An orc wizard (D:4)
  3 gnolls (D:4)
  A shadow imp (D:7)
  2 orcs
  A jackal (D:4)
9 creatures vanquished.

Vanquished Creatures (others)
  An orc warrior (D:8)
  A centaur (D:8)
  A hound (D:8)
  2 orc wizards
  2 orcs
  An endoplasm (D:8)
  A fungus (D:4)
  19 plants
28 creatures vanquished.

Grand Total: 382 creatures vanquished

Notes
Turn   | Place    | Note
-------+----------+-------------------------------------------
     0 | D:1      | Reached skill level 10 in Evocations
     0 | D:1      | slphil the Gnoll Wanderer began the quest for the Orb.
     0 | D:1      | slphil set off with the following items: a +0 club, a
                  | scroll of teleportation, a potion of attraction, a +0
                  | leather armour, a tin of tremorstones (2/2); and the
                  | following spell memorised: Necrotise; and the following
                  | spells available to memorise: Vampiric Draining.
     0 | D:1      | Reached XP level 1. HP: 13/13 MP: 4/4
   267 | D:1      | Reached XP level 2. HP: 19/19 MP: 2/5
   570 | D:1      | Found a faded altar of an unknown god.
  1025 | D:1      | Reached XP level 3. HP: 25/25 MP: 2/7
  1029 | D:1      | Learned a level 3 spell: Vampiric Draining
  1551 | D:2      | Noticed Natasha
  1571 | D:2      | Killed Natasha
  1572 | D:2      | Reached skill level 1 in Fighting
  1572 | D:2      | Reached skill level 1 in Short Blades
  1572 | D:2      | Reached skill level 1 in Long Blades
  1572 | D:2      | Reached skill level 1 in Axes
  1572 | D:2      | Reached skill level 1 in Maces & Flails
  1572 | D:2      | Reached skill level 1 in Polearms
  1572 | D:2      | Reached skill level 1 in Staves
  1572 | D:2      | Reached skill level 1 in Ranged Weapons
  1572 | D:2      | Reached skill level 1 in Throwing
  1572 | D:2      | Reached skill level 1 in Armour
  1572 | D:2      | Reached skill level 1 in Stealth
  1572 | D:2      | Reached skill level 1 in Shields
  1572 | D:2      | Reached skill level 1 in Unarmed Combat
  1572 | D:2      | Reached skill level 1 in Invocations
  1692 | D:2      | Found a runed translucent door.
  1694 | D:2      | Noticed Crazy Yiuf
  1755 | D:2      | Noticed Natasha
  1761 | D:2      | Killed Natasha
  1762 | D:2      | Reached skill level 1 in Conjurations
  1762 | D:2      | Reached skill level 1 in Hexes
  1762 | D:2      | Reached skill level 1 in Summonings
  1762 | D:2      | Reached skill level 1 in Translocations
  1762 | D:2      | Reached skill level 1 in Transmutations
  1762 | D:2      | Reached skill level 1 in Fire Magic
  1762 | D:2      | Reached skill level 1 in Ice Magic
  1762 | D:2      | Reached skill level 1 in Air Magic
  1762 | D:2      | Reached skill level 1 in Earth Magic
  1762 | D:2      | Reached skill level 1 in Poison Magic
  1762 | D:2      | Reached XP level 4. HP: 26/32 MP: 1/8
  2725 | D:3      | Reached XP level 5. HP: 28/37 MP: 9/9
  2853 | D:3      | Found a hazy altar of Hepliaklqana.
  4413 | D:4      | Noticed an ogre
  4746 | D:4      | Killed an ogre
  4747 | D:4      | Reached XP level 6. HP: 44/44 MP: 11/11
  4866 | D:4      | Reached XP level 7. HP: 48/51 MP: 4/12
  5369 | D:4      | Noticed Menkaure
  5595 | D:4      | Killed Menkaure
  5898 | D:4      | Reached XP level 8. HP: 58/58 MP: 0/14
  6317 | D:4      | Learned a level 3 spell: Frozen Ramparts
  6679 | D:4      | Reached skill level 11 in Evocations
  7658 | D:5      | Entered Level 5 of the Dungeon
  7851 | D:5      | Found a staircase to the Ecumenical Temple.
  7860 | Temple   | Entered the Ecumenical Temple
  8001 | Temple   | Became a worshipper of Kikubaaqudgha
  8130 | D:5      | Found a transporter.
  8134 | D:5      | Found a one-way gate to the infinite horrors of the Abyss.
  8159 | D:5      | Noticed greasedhog's ghost (novice GrWn)
  8170 | D:5      | Found a shimmering altar of Xom.
  8322 | D:5      | Found a shadowy altar of Dithmenos.
  8634 | D:5      | Found Suothrolo's Antique Armour Shoppe.
  8886 | D:5      | Found a burning altar of Makhleb.
  9028 | D:5      | Found a transporter.
  9251 | D:2      | Noticed Natasha
  9254 | D:2      | Killed Natasha
  9325 | D:2      | Killed Crazy Yiuf
  9326 | D:2      | Reached XP level 9. HP: 33/65 MP: 3/16
  9729 | D:6      | Reached skill level 5 in Throwing
  9731 | D:6      | Identified the +2 pair of boots "Zuitwarr" {Regen+ Dex+3
                  | Slay-3}
  9898 | D:6      | Reached skill level 5 in Spellcasting
 10052 | D:6      | Reached * piety under Kikubaaqudgha
 10052 | D:6      | Received a gift from Kikubaaqudgha
 10059 | D:6      | Learned a level 2 spell: Sublimation of Blood
 10272 | D:6      | Reached skill level 5 in Dodging
 10275 | D:6      | Noticed Edmund
 10281 | D:6      | Killed Edmund
 10680 | D:7      | Reached skill level 5 in Invocations
 10721 | D:7      | Noticed a gargoyle
 10775 | D:7      | Found a glowing golden altar of the Shining One.
 10814 | D:7      | Found a shimmering blue altar of Sif Muna.
 10844 | D:7      | Noticed a gargoyle
 10879 | D:7      | Killed a gargoyle
 10982 | D:7      | Identified the +6 chain mail of Hairiness {Fly}
 10982 | D:7      | Noticed a meliai
 11035 | D:7      | Learned a level 3 spell: Tukima's Dance
 11134 | D:7      | Found Cuanlut's Antique Armour Shoppe.
 11138 | D:7      | Bought a jewelled helmet for 199 gold pieces
 11138 | D:7      | Identified the +1 helmet of Wasted Space {Dex+2} (You
                  | bought it in a shop on level 7 of the Dungeon)
 11153 | D:7      | Identified the +1 ring mail "Weesos" {Will+ SInv}
 11215 | D:7      | Reached ** piety under Kikubaaqudgha
 11216 | D:7      | Found a broken altar of Ashenzari.
 11216 | D:7      | Found an ornate altar of the Wu Jian Council.
 11326 | D:7      | Reached skill level 5 in Fighting
 11326 | D:7      | Reached skill level 5 in Short Blades
 11326 | D:7      | Reached skill level 5 in Long Blades
 11326 | D:7      | Reached skill level 5 in Axes
 11326 | D:7      | Reached skill level 5 in Maces & Flails
 11326 | D:7      | Reached skill level 5 in Polearms
 11326 | D:7      | Reached skill level 5 in Staves
 11326 | D:7      | Reached skill level 5 in Ranged Weapons
 11326 | D:7      | Reached skill level 5 in Armour
 11326 | D:7      | Reached skill level 5 in Stealth
 11326 | D:7      | Reached skill level 5 in Shields
 11326 | D:7      | Reached skill level 5 in Unarmed Combat
 11337 | D:7      | Reached XP level 10. HP: 74/74 MP: 15/18
 11836 | D:7      | Killed a gargoyle
 11896 | D:7      | Noticed a deep elf pyromancer
 11905 | D:7      | Noticed a cyclops
 11909 | D:7      | Killed a deep elf pyromancer
 12100 | D:8      | Noticed a two-headed ogre
 12116 | D:8      | Killed a two-headed ogre
 12196 | D:8      | Identified the +11 spear "Zatsa" {venom, Fly Str+4 Int+4}
 12196 | D:8      | Identified the +0 kite shield of Hihus {rElec Will++ Regen+
                  | Dex-3}
 12344 | D:8      | Reached *** piety under Kikubaaqudgha
 12344 | D:8      | Received a gift from Kikubaaqudgha
 12401 | D:7      | Learned a level 4 spell: Dispel Undead
 12406 | D:7      | Learned a level 4 spell: Corpse Rot
 12415 | D:8      | Reached skill level 12 in Evocations
 12564 | D:8      | Reached skill level 5 in Conjurations
 12564 | D:8      | Reached skill level 5 in Hexes
 12564 | D:8      | Reached skill level 5 in Summonings
 12564 | D:8      | Reached skill level 5 in Translocations
 12564 | D:8      | Reached skill level 5 in Transmutations
 12564 | D:8      | Reached skill level 5 in Fire Magic
 12564 | D:8      | Reached skill level 5 in Ice Magic
 12564 | D:8      | Reached skill level 5 in Air Magic
 12564 | D:8      | Reached skill level 5 in Earth Magic
 12564 | D:8      | Reached skill level 5 in Poison Magic
 12564 | D:8      | Reached XP level 11. HP: 49/81 MP: 11/21
 12567 | D:8      | Noticed Erica
 12718 | D:7      | Noticed a cyclops
 12905 | D:7      | Killed a cyclops
 13002 | D:7      | Noticed a moth of wrath
 13004 | D:7      | Found a bloodstained altar of Trog.
 13044 | D:7      | Identified the +12 spear "Hitsicwu" {holy, rPois rC+ Str+2
                  | Dex+2}
 13067 | D:7      | Killed a cyclops
 13249 | D:7      | Noticed a boulder beetle
 13253 | D:7      | Noticed a cyclops
 13260 | D:7      | Noticed a manticore
 13265 | D:7      | Killed a cyclops
 13275 | D:7      | Killed a manticore
 13589 | D:7      | Killed a boulder beetle
 13593 | D:7      | Noticed a sixfirhy
 13937 | D:8      | Noticed SensoryNuts's ghost (novice MiFi)
 13948 | D:8      | Found a transporter.
 14033 | D:8      | Found a sparkling altar of Nemelex Xobeh.
 14072 | D:8      | Found a transporter.
 14287 | D:8      | Killed Erica
 14441 | D:8      | Found a snail-covered altar of Cheibriados.
 14473 | D:8      | Identified the ring "Virahas" {rElec rF++ rCorr Str-2}
 14677 | D:9      | Reached **** piety under Kikubaaqudgha
 14967 | D:9      | Noticed a two-headed ogre
 14988 | D:9      | Killed a two-headed ogre
 15145 | D:9      | Found a staircase to the Orcish Mines.
 15356 | D:9      | Found a sacrificial altar of Ru.
 15368 | D:9      | Reached XP level 12. HP: 91/91 MP: 23/23
 15496 | D:9      | Found a glowing silver altar of Zin.
 15576 | D:10     | Entered Level 10 of the Dungeon
 15722 | D:10     | Found a staircase to the Lair.
 15768 | D:10     | Reached skill level 10 in Throwing
 16061 | D:10     | Found Binwo's Magic Scroll Boutique.
 16068 | D:10     | Bought a scroll of identify for 24 gold pieces
 16611 | D:11     | Found a frozen archway.
 16620 | IceCv    | Entered an ice cave
 16718 | IceCv    | HP: 1/91 [ice statue] (5)]
 16719 | IceCv    | Engulfed by an ice statue's freezing vapour

Illustrated notes

Levels and vault maps discovered:
D:1:      minmay_arrival_doors, layout_loops_ring, ebering_ecumenical_altar_box,
          minmay_tripent
D:2:      minmay_wonky_spiral, layout_loops_corners, uniq_natasha,
          uniq_crazy_yiuf_cottage
D:3:      layout_basic, lemuel_round_altar, serial_rivers,
          chequers_serial_rivers_micro_b, chequers_serial_rivers_large_b,
          chequers_serial_rivers_large_a, chequers_serial_rivers_micro_b,
          chequers_serial_rivers_micro_c, minivault_27,
          corexii_leaking_fountain, minmay_pentangle
D:4:      lemuel_castle_with_subvaults [lemuel_castle_interior_carwin_2],
          layout_loops_ring, uniq_menkaure
D:5:      layout_loops_corners, makhleb_grotto_becter,
          nicolae_dithmenos_through_a_glass_darkly, overflow_temple_1_default,
          minmay_temple_entry_poolview, gammafunk_ghost_abyssal_escape,
          serial_shops, shop
D:6:      minmay_evil_eye, layout_cave_pools, uniq_edmund
D:7:      nzn_winding_woodlands_large [nzn_winding_woodlands_hourglass,
          nzn_winding_woodlands_5x15_split_checker,
          nzn_winding_woodlands_5x5_default,
          nzn_winding_woodlands_center_garden,
          nzn_winding_woodlands_15x15_thick_spiral,
          nzn_winding_woodlands_center_triple_pond,
          nzn_winding_woodlands_5x5_open_star,
          nzn_winding_woodlands_5x15_crooked,
          nzn_winding_woodlands_5x5_default], layout_cave_pools, tgw_trog,
          gammafunk_temple_overflow_elements, amethyst_overflow_temple_binary,
          serial_shops, kennysheep_mini_moat, hangedman_decor_points,
          minivault_26, kennysheep_generic_room_15
D:8:      layout_rooms, chei_slow_surprise, nemelex_spade_bored_becter,
          special_room [special_room_orc], gammafunk_ghost_gnarly_gnolls,
          uniq_erica
D:9:      layout_loops_ring, mainiacjoe_overflow_24_doors, zin_scriptorium,
          minmay_orc_entry_temple_small
D:10:     layout_basic, nicolae_overflow_hidden_temple, david_lair_shrubbed,
          serial_shops, shop, amethyst_killhole
D:11:     layout_grid_maze, portal_ice_cave_entry_pillars_2, solitary_fountain,
          chequers_arboretum
Temple:   hellmonk_temple_flake
IceCv:    ice_cave_caverns_03

Skill      XL: |  1  2  3  4  5  6  7  8  9 10 11 12 |
---------------+-------------------------------------+-----
Evocations     | 11 12 | 12.7
Fighting       | 1 2 3 5 6 7 |  7.4
Short Blades   | 1 2 3 5 6 7 |  7.4
Long Blades    | 1 2 3 5 6 7 |  7.4
Axes           | 1 2 3 5 6 7 |  7.4
Maces & Flails | 1 2 3 5 6 7 |  7.4
Polearms       | 1 2 3 5 6 7 |  7.4
Staves         | 1 2 3 5 6 7 |  7.4
Ranged Weapons | 1 2 3 5 6 7 |  7.4
Throwing       | 1 2 3 4 6 8 9 10 | 10.2
Armour         | 1 2 3 5 6 7 |  7.4
Stealth        | 1 2 3 5 6 7 |  7.4
Shields        | 1 2 3 5 6 7 |  7.4
Unarmed Combat | 1 2 3 5 6 7 |  7.4
Invocations    | 1 2 3 4 5 6 7 8 |  8.1
Spellcasting   | 3 4 5 6 7 8 |  8.0
Conjurations   | 1 2 3 4 5 6 |  6.1
Hexes          | 1 2 3 4 5 6 |  6.1
Summonings     | 1 2 3 4 5 6 |  6.1
Translocations | 1 2 3 4 5 6 |  6.1
Transmutations | 1 2 3 4 5 6 |  6.1
Fire Magic     | 1 2 3 4 5 6 |  6.1
Ice Magic      | 1 2 3 4 5 6 |  6.1
Air Magic      | 1 2 3 4 5 6 |  6.1
Earth Magic    | 1 2 3 4 5 6 |  6.1
Poison Magic   | 1 2 3 4 5 6 |  6.1
Dodging        | 3 4 5 6 7 |  7.9
Necromancy     | 6 7 8 |  8.3

Action                   |  1- 3 |  4- 6 |  7- 9 | 10-12 || total
-------------------------+-------+-------+-------+-------++-------
Melee: Club              |    11 |     1 |       |       ||    12
       Dagger            |       |    51 |   117 |       ||   168
       Bite              |       |     8 |    24 |    59 ||    91
       Punch             |       |     2 |     2 |    10 ||    14
       Quarterstaff      |       |       |    90 |    96 ||   186
       Spear             |       |       |       |   406 ||   406
 Fire: Sling             |       |       |     7 |       ||     7
 Cast: Necrotise         |    57 |   100 |   305 |   156 ||   618
       Vampiric Draining |       |     1 |     8 |    32 ||    41
       Frozen Ramparts   |       |       |     2 |     6 ||     8
       Corpse Rot        |       |       |       |     2 ||     2
Invok: Unearth Wretches  |       |       |       |     2 ||     2
Evoke: Tin of tremorston |       |     2 |     3 |     2 ||     7
       Wand              |       |       |     4 |     9 ||    13
  Use: Scroll            |       |     4 |    12 |    12 ||    28
       Potion            |       |     1 |       |     4 ||     5
 Stab: Paralysed         |       |       |       |    25 ||    25
       Distracted        |       |       |       |     2 ||     2
Armor: Ring mail         |    10 |    20 |    76 |   202 ||   308
       Skin              |       |       |       |     6 ||     6
Dodge: Dodged            |    15 |    49 |   208 |   478 ||   750

Table legend: (Time is in decaauts)
 A = Elapsed time spent in this place.
 B = Non-inter-level travel time spent in this place.
 C = Inter-level travel time spent in this place.
 D = Time resting spent in this place.
 E = Time spent auto-exploring this place.
 F = Levels seen in this place.
 G = Mean time per level.
                   A        B        C        D        E       F      G
               +--------+--------+--------+--------+--------+-----+--------+
         Total |  16633 |  15922 |    711 |   3242 |   9623 |  13 | 1279.5 |
       Dungeon |  16397 |  15687 |    710 |   3238 |   9467 |  11 | 1490.6 |
        Temple |    152 |    151 |      1 |      0 |    131 |   1 |  152.0 |
      Ice Cave |     83 |     83 |      0 |      4 |     25 |   1 |   83.0 |
               +--------+--------+--------+--------+--------+-----+--------+

Top non-repeatable levels by time:
     D:7: 2806 daAuts
     D:4: 2771 daAuts
     D:3: 2289 daAuts
     D:2: 1935 daAuts
     D:5: 1386 daAuts
     D:1: 1165 daAuts
     D:8: 1105 daAuts
     D:6: 994 daAuts
    D:10: 962 daAuts
     D:9: 928 daAuts
  Temple: 152 daAuts
   IceCv: 83 daAuts
    D:11: 51 daAuts
